AoeStats
← Skaikru Raven

Black Forest

510619929Analyzed
2v2 RM · 1d ago on Oct 1, 2026· 89m 39s· 4 players
Game mode
Random Map
Map size
Medium (4 player)
Population
200
Speed
Normal
Resources
Standard
Victory
Conquest
Starting age
Dark Age
Ending age
Imperial Age
RankedLock teamsTeams togetherTeam positionsShared explorationLock speedFull tech treeHidden civsTurbo modeCheats
Victory
Defeat
🇫🇷 Khitans · France
852
+14
🇫🇷 Burgundians · France
842
+14
🇨🇱 Cumans · Chile
811
-14
🇺🇸 Khmer · United States
799
-14
simonfrazier0
12:32 Feudal Age
16:39 Castle Age
19:06 Wheelbarrow
20:48 Horse Collar
21:16 Loom
24:01 Hand Cart
27:22 Caravan
27:50 Town Watch
28:50 Town Patrol
34:20 Imperial Age
34:28 Imperial Age
32:27 Light Cavalry
34:37 Gold Mining
34:34 Double-Bit Axe
34:42 Stone Mining
34:57 Heavy Plow
35:25 Ballistics
36:35 Gold Shaft Mining
36:37 Stone Shaft Mining
36:33 Crop Rotation
36:15 Bow Saw
36:20 Forging
36:15 Scale Barding Armor
35:33 Hussar
36:23 Bloodlines
39:47 Double Crossbow
40:53 Iron Casting
40:39 Chain Barding Armor
40:25 Pikeman
42:43 Conscription
41:46 Heavy Scorpion
42:34 Siege Engineers
42:38 Halberdier
44:21 Blast Furnace
43:56 Plate Barding Armor
43:21 Scale Mail Armor
48:38 Chain Mail Armor
52:35 Elite Ballista Elephant
g.ulloa
1:04 Loom
12:41 Feudal Age
13:41 Double-Bit Axe
19:55 Fletching
20:57 Town Watch
23:59 Castle Age
24:52 Gold Mining
29:42 Imperial Age
30:05 Bow Saw
30:34 Horse Collar
31:03 Stone Mining
32:11 Heavy Plow
34:43 Forging
35:04 Light Cavalry
35:57 Bloodlines
36:33 Wheelbarrow
40:12 Conscription
39:52 Steppe Husbandry
40:44 Crop Rotation
40:35 Scale Barding Armor
41:06 Iron Casting
40:01 Hussar
41:34 Ballistics
42:14 Chemistry
41:40 Chain Barding Armor
44:42 Blast Furnace
44:18 Plate Barding Armor
46:17 Hand Cart
47:42 Pikeman
48:22 Squires
48:20 Onager
49:30 Scale Mail Armor
49:31 Halberdier
54:34 Hussar
56:32 Arson
59:58 Scale Mail Armor
60:24 Capped Ram
62:33 Chain Mail Armor
62:10 Siege Ram
64:25 Plate Mail Armor
71:14 Man-at-Arms
75:57 Long Swordsman
78:27 Two-Handed Swordsman
81:40 Bodkin Arrow
81:58 Champion
89:30 Two-Man Saw
Ujio.AF
0:34 Loom
7:04 Double-Bit Axe
7:57 Double-Bit Axe
12:45 Feudal Age
12:54 Wheelbarrow
12:22 Gold Mining
14:37 Bow Saw
20:03 Castle Age
18:52 Stone Mining
19:04 Fishing Lines
23:22 Hand Cart
23:33 Gillnets
23:28 Horse Collar
26:42 Two-Man Saw
27:04 Heavy Plow
27:35 Husbandry
27:47 Forging
27:47 Scale Barding Armor
29:16 Crop Rotation
29:30 Stone Shaft Mining
29:38 Gold Shaft Mining
29:13 Burgundian Vineyards
28:38 Cavalier
33:41 Imperial Age
33:55 Iron Casting
33:42 Chain Barding Armor
34:04 Onager
35:44 Town Watch
35:23 Paladin
38:12 Conscription
38:58 Blast Furnace
39:43 Plate Barding Armor
39:24 Fortified Wall
38:57 Treadmill Crane
39:13 Murder Holes
39:42 Fletching
40:15 Ballistics
40:57 Chemistry
42:43 Fortified Wall
45:57 Bodkin Arrow
47:30 Caravan
47:01 Light Cavalry
51:39 Light Cavalry
52:22 Hussar
60:19 Pikeman
61:00 Squires
60:45 Arson
61:03 Scale Mail Armor
61:04 Bracer
61:43 Halberdier
62:57 Chain Mail Armor
72:05 Plate Mail Armor
78:44 Town Patrol
88:09 Padded Archer Armor
87:56 Elite Skirmisher
89:43 Leather Archer Armor
Skaikru Raven
0:27 Loom
13:18 Feudal Age
18:24 Castle Age
16:37 Double-Bit Axe
16:47 Domestication
17:19 Stone Mining
18:45 Wheelbarrow
27:14 Hand Cart
27:55 Bow Saw
28:51 Pastoralism
29:04 Gold Mining
29:58 Fishing Lines
35:24 Light Cavalry
36:04 Husbandry
38:55 Imperial Age
36:28 Gillnets
39:12 Stone Shaft Mining
38:58 Forging
38:49 Scale Mail Armor
38:54 Scale Barding Armor
39:28 Fortified Wall
39:00 Treadmill Crane
39:41 Ballistics
39:10 Hussar
41:15 Two-Man Saw
41:07 Lamellar Armor
41:23 Conscription
40:46 Heavy Camel Rider
42:47 Transhumance
42:41 Ordo Cavalry
44:17 Heavy Rocket Cart
47:52 Iron Casting
47:33 Chain Mail Armor
47:39 Chain Barding Armor
Connection lost

Rejoining the realm…

Still unreachable

The connection could not be restored.

Session expired

The server has moved on; the page needs a fresh start.